 Dungeon Crawl Stone Soup version 0.20-a0-303-g575bbf7 (webtiles) character file.

3882 rj54x the Zephyrmancer (level 10, -1/56 HPs)
             Began as a High Elf Air Elementalist on Dec 13, 2016.
             Was a Follower of Vehumet.
             Slain by a two-headed ogre
             ... wielding a +0 giant club
              (24 damage)
             ... on level 9 of the Dungeon on Dec 16, 2016.
             The game lasted 01:00:12 (11981 turns).

rj54x the Zephyrmancer (High Elf Air Elementalist) Turns: 11981, Time: 01:00:14

Health: -1/56      AC:  4    Str:  7    XL:     10   Next: 0%
Magic:  9/18       EV: 17    Int: 22    God:    Vehumet [*.....]
Gold:   376        SH:  0    Dex: 17    Spells: 5/19 levels left

rFire  . . .     SeeInvis .     a - +1 long sword (elec)
rCold  . . .     Gourm    .     g - +0 robe
rNeg   . . .     Faith    .     (no shield)
rPois  +         Spirit   .     (no helmet)
rElec  .         Reflect  .     e - +1 cloak
rCorr  .         Harm     .     (no gloves)
MR     +....                    (no boots)
Stlth  ++........               (no amulet)
                                (no ring)
                                G - ring of poison resistance

@: swift, quick
A: no striking features
a: Renounce Religion


You were on level 9 of the Dungeon.
You worshipped Vehumet.
Vehumet was aware of your devotion.
You were not hungry.

You visited 2 branches of the dungeon, and saw 10 of its levels.

You collected 404 gold pieces.
You spent 28 gold pieces at shops.

Inventory:

Hand Weapons
 a - a +1 long sword of electrocution (weapon)
 b - a +0 blowgun
 p - a +1 quarterstaff of crushing
 D - the +5 short sword "Kerix" {freeze, *Slow rC- Str+4 Int+4}
   (You found it on level 7 of the Dungeon)

   It has been specially enchanted to freeze those struck by it, causing extra
   injury to most foes and up to half again as much damage against particularly
   susceptible opponents.
   It can also slow down cold-blooded creatures.
   It affects your strength (+4).
   It affects your intelligence (+4).
   It makes you vulnerable to cold.
   It may slow you when you take damage.
Missiles
 s - 80 poisoned needles
 u - 7 needles of sleeping
 J - 8 curare-tipped needles
Armour
 e - a +1 cloak (worn)
 g - a +0 robe (worn)
Jewellery
 G - a ring of poison resistance (left hand)
Wands
 k - a wand of teleportation (7/9)
 l - a wand of iceblast (1/15)
 A - a wand of random effects (20/48)
 K - a wand of disintegration (5/24)
Scrolls
 d - a scroll of identify
 n - a scroll of remove curse
 v - 2 scrolls of blinking
 w - a scroll of teleportation {unknown}
 x - a scroll of amnesia {unknown}
 y - a scroll of random uselessness {unknown}
 B - a scroll of magic mapping
 E - a scroll of enchant armour {unknown}
 H - a scroll of fear {unknown}
Potions
 f - a potion of flight
 i - a potion of heal wounds
 j - 3 potions of berserk rage
 m - a potion of ambrosia {unknown}
 q - a potion of lignification
 t - 2 potions of haste
 z - a potion of cancellation
 C - 2 potions of curing
 F - a potion of might {unknown}
Books
 r - a book of Air

   Spells                             Type                      Level
   a - Shock                          Conjuration/Air              1
   b - Swiftness                      Charms/Air                   2
   c - Repel Missiles                 Charms/Air                   2
   d - Static Discharge               Conjuration/Air              3
   e - Lightning Bolt                 Conjuration/Air              5
 I - the Grimoire of Creative Necromancy
   (You found it on level 7 of the Dungeon)

   Spells                             Type                      Level
   a - Summon Small Mammal            Summoning                    1
   b - Vampiric Draining              Necromancy                   3
   c - Malign Gateway                 Summoning/Translocation      7
   d - Dragon's Call                  Summoning                    9
Comestibles
 c - a bread ration
 h - 2 fruits
 o - 3 meat rations
 L - 4 chunks of flesh


   Skills:
 - Level 5.1 Long Blades
 + Level 7.3 Dodging
 - Level 2.1 Stealth
 - Level 5.2 Spellcasting
 + Level 8.8 Conjurations
 + Level 10.2 Air Magic


You had 5 spell levels left.
You knew the following spells:

 Your Spells              Type           Power        Failure   Level  Hunger
a - Shock                 Conj/Air       ####         1%          1    None
b - Repel Missiles        Chrm/Air       ####..       1%          2    None
c - Swiftness             Chrm/Air       ####....     1%          2    None
d - Static Discharge      Conj/Air       #####...     1%          3    ##.....
e - Lightning Bolt        Conj/Air       #####.....   8%          5    #####..
f - Magic Dart            Conj           ####         1%          1    None


Dungeon Overview and Level Annotations

Branches:
Dungeon (9/15)             Temple (1/1) D:5
   Lair: D:8-11         Orc: D:9-12

Altars:
Ashenzari
Cheibriados
Dithmenos
Elyvilon
Fedhas
Gozag
Hepliaklqana
Kikubaaqudgha
Makhleb
Okawaru
Qazlal
Ru
Sif Muna
Uskayaw
Vehumet
Xom
Yredelemnul
Zin
The Shining One

Shops:
D:9 *

Annotations:
D:4 exclusion: ice beast
D:6 Pikel
D:8 Prince Ribbit


Message History

Casting: Lightning Bolt
Confirm with . or Enter, or press ? or * to list all spells.
Okay, then.
You feel much better.
You hear a twanging sound.
An arrow appears from out of thin air!
The arrow barely misses you.
The two-headed ogre hits you with a giant club!!
* * * LOW HITPOINT WARNING * * *
The two-headed ogre hits you with a giant spiked club.
* * * LOW HITPOINT WARNING * * *
You feel much better.
You hear a twanging sound.
An arrow appears from out of thin air!
The arrow hits you!
Casting: Lightning Bolt
Confirm with . or Enter, or press ? or * to list all spells.
You feel quick.
You hear a twanging sound.
An arrow appears from out of thin air!
The arrow barely misses you.
The two-headed ogre hits you with a giant club!!
You die...

#...)#####'##'####....#
#...).)....[..........#
#.....)...............#
#.....................#
#.....................#
....#'####'##......#####
.....#(.((...#......#
#.....#....(O.#......#
#.....#######@#......#
#.......### #.......#
#.......#
#.(.(.∩.##########
##+###..)....[....
+....).......
#............
#............


You could see a two-headed ogre.

Vanquished Creatures
  The ghost of koshka the Thaumaturge, a novice DEWz of Nemelex Xobeh (D:8)
  2 hippogriffs
  Eustachio (D:5)
  A wyvern (D:8)
  A hungry ghost (D:6)
  An ice beast (D:9)
  An orc warrior (D:9)
  A sky beast (D:7)
  4 slaves
  A phantom (D:9)
  9 ogres
  2 centaurs
  A big kobold (D:8)
  3 bullfrogs
  A water moccasin zombie (D:8)
  2 scorpions
  A howler monkey (D:5)
  A centaur zombie (D:6)
  A bullfrog zombie (D:8)
  2 hounds
  A jelly (D:6)
  3 orc priests
  3 bullfrog skeletons
  2 iguanas
  3 orc wizards
  6 worker ants
  2 hound zombies
  A howler monkey zombie (D:7)
  7 adders
  A shadow imp (D:9)
  2 oozes
  3 adder zombies (D:5)
  2 worms
  2 dart slugs
  3 leopard geckos
  22 orcs
  9 bats
  5 giant cockroaches
  7 goblins
  7 hobgoblins
  4 jackals (D:5)
  5 quokkas
  A ball python (D:1)
  5 frilled lizards
  13 kobolds
  A leopard gecko zombie (D:7)
  A quokka zombie (D:8)
  7 rats
165 creatures vanquished.

Vanquished Creatures (others)
  A hippogriff (D:7)
1 creature vanquished.

Grand Total: 166 creatures vanquished

Notes
Turn   | Place    | Note
-------+----------+-------------------------------------------
     0 | D:1      | rj54x the High Elf Air Elementalist began the quest for the Orb.
     0 | D:1      | Reached XP level 1. HP: 11/11 MP: 4/4
   174 | D:1      | Reached skill level 4 in Air Magic
   175 | D:1      | Reached XP level 2. HP: 17/17 MP: 3/6
   751 | D:1      | Learned a level 2 spell: Repel Missiles
  1004 | D:2      | Reached XP level 3. HP: 21/21 MP: 5/7
  1024 | D:2      | Upgraded the game from 0.20-a0-277-g7db01f4 to 0.20-a0-296-gf222164
  1671 | D:2      | Found an opulent altar of Gozag.
  1672 | D:2      | Found an iron altar of Okawaru.
  1961 | D:3      | Learned a level 2 spell: Swiftness
  1986 | D:3      | Reached skill level 5 in Air Magic
  1986 | D:3      | Reached XP level 4. HP: 27/27 MP: 2/8
  3229 | D:4      | Noticed an ogre
  3239 | D:4      | Killed an ogre
  3239 | D:4      | Reached XP level 5. HP: 31/31 MP: 1/9
  3334 | D:4      | Noticed an ice beast
  3427 | D:4      | Reached skill level 6 in Air Magic
  3839 | D:4      | Reached XP level 6. HP: 36/36 MP: 5/10
  3965 | D:4      | Found a deep blue altar of Sif Muna.
  4548 | D:5      | Entered Level 5 of the Dungeon
  4570 | D:5      | Learned a level 3 spell: Static Discharge
  4604 | D:5      | Reached skill level 5 in Conjurations
  5242 | D:5      | Reached skill level 7 in Air Magic
  5462 | D:5      | Noticed Eustachio
  5510 | D:4      | Reached XP level 7. HP: 32/41 MP: 3/11
  5853 | D:5      | Found a staircase to the Ecumenical Temple.
  5870 | Temple   | Entered the Ecumenical Temple
  5968 | Temple   | Became a worshipper of Vehumet
  6160 | D:6      | Reached skill level 8 in Air Magic
  6218 | D:6      | Noticed a hungry ghost
  6722 | D:5      | Killed Eustachio
  6722 | D:5      | Reached skill level 1 in Long Blades
  6722 | D:5      | Reached XP level 8. HP: 23/46 MP: 2/13
  6982 | D:6      | Learned a level 5 spell: Lightning Bolt
  7758 | D:7      | Got a faintly glowing short sword
  7764 | D:7      | Identified the +5 short sword "Kerix" {freeze, *Slow rC- Str+4 Int+4} (You found it on level 7 of the Dungeon)
  7944 | D:7      | Upgraded the game from 0.20-a0-296-gf222164 to 0.20-a0-299-gec7c366
  8176 | D:7      | Noticed a hippogriff
  8483 | D:8      | Found an ancient bone altar of Kikubaaqudgha.
  8585 | D:8      | Reached * piety under Vehumet
  8585 | D:8      | Offered knowledge of Magic Dart by Vehumet.
  8589 | D:8      | Learned a level 1 spell: Magic Dart
  8630 | D:8      | Noticed Pikel
  8815 | D:8      | Noticed a hippogriff
  9037 | D:7      | Noticed a hippogriff
  9067 | D:8      | Noticed koshka's ghost (novice DEWz)
  9676 | D:7      | Reached skill level 5 in Spellcasting
  9808 | D:7      | Killed a hippogriff
  9808 | D:7      | Reached skill level 5 in Long Blades
  9808 | D:7      | Reached skill level 5 in Dodging
  9808 | D:7      | Reached XP level 9. HP: 43/51 MP: 6/17
  9918 | D:7      | Identified the Grimoire of Creative Necromancy
 10216 | D:8      | Reached skill level 9 in Air Magic
 10523 | D:8      | Noticed Prince Ribbit
 10548 | D:8      | Found a snail-covered altar of Cheibriados.
 10554 | D:8      | Upgraded the game from 0.20-a0-299-gec7c366 to 0.20-a0-303-g575bbf7
 11342 | D:8      | Killed koshka's ghost
 11627 | D:9      | Reached skill level 10 in Air Magic
 11820 | D:9      | Found Idduv's General Store.
 11840 | D:9      | Bought a scroll of identify for 28 gold pieces
 11969 | D:9      | Reached XP level 10. HP: 56/56 MP: 9/18
 11974 | D:9      | Noticed a two-headed ogre
 11981 | D:9      | Slain by a two-headed ogre

Vault maps used:
D:1:      dpeg_arrival_windows_large_door
D:2:      gammafunk_temple_overflow_pools, first_bread
D:4:      lemuel_round_altar
D:5:      uniq_eustachio
D:8:      kennysheep_mini, cheibrodos_worm_habitat, erik_lair_dragon,
          uniq_pikel, uniq_prince_ribbit1, uniq_maurice
D:9:      erik_orc_4, serial_shops, shop, grunt_pizzeria
Temple:   eino_temple_scatter_basement

Skill      XL: |  1  2  3  4  5  6  7  8  9 |
---------------+----------------------------+-----
Air Magic      | 4 5 6 7 8 10 | 10.2
Conjurations   | 2 3 4 5 7 8 |  8.8
Long Blades    | 1 5 |  5.1
Spellcasting   | 5 |  5.2
Dodging        | 5 7 |  7.3
Stealth        | |  2.1

Action                   |  1- 3 |  4- 6 |  7- 9 | 10-12 || total
-------------------------+-------+-------+-------+-------++-------
Melee: Short sword       |    20 |    11 |       |       ||    31
       Long sword        |       |    17 |    33 |       ||    50
 Cast: Shock             |    70 |   133 |   235 |       ||   438
       Repel Missiles    |     1 |       |     1 |       ||     2
       Static Discharge  |       |     8 |     4 |       ||    12
       Swiftness         |       |     1 |     6 |     1 ||     8
       Magic Dart        |       |       |     5 |       ||     5
       Lightning Bolt    |       |       |    12 |     1 ||    13
  Use: Scroll            |     5 |     1 |     5 |       ||    11
       Potion            |       |       |     1 |     2 ||     3
 Stab: Sleeping          |       |     1 |       |       ||     1
  Eat: Chunk             |     4 |    11 |     9 |       ||    24
       Royal jelly       |       |       |     1 |       ||     1
       Fruit             |       |       |     4 |       ||     4
       Bread ration      |       |       |     3 |       ||     3
       Pizza             |       |       |     1 |       ||     1
Armor: Robe              |     4 |    12 |    18 |     1 ||    35
Dodge: Dodged            |    25 |    55 |   101 |     5 ||   186
       Deflected         |     1 |     1 |     4 |     1 ||     7
       Rpst.: Long sword |       |    11 |    42 |       ||    53
